Workbook
Name _☑: #REF!
Name _☑: #REF!
Name _☑: #REF!
Name _☑: #REF!
Name _☑: #REF!
Name _☑: 補助対象事業費!$R$8:$R$12
Name _dl1: '[1]7（適合確認2）'!$C$809:$D$809
Name _dl2: #REF!
Name い: #REF!
Name サイズ: #REF!
Name チェック: #REF!
Name チェック: #REF!
Name チェック: #REF!
Name チェック: #REF!
Name チェック: #REF!
Name チェック: 補助対象事業費!$R$8:$R$12
Name データ: #REF!
Name テーブル: #REF!
Name 横数: #REF!
Name 下: #REF!
Name 現在枚数: #REF!
Name 書き込み枠: #REF!
Name 上: #REF!
Name 地域: #REF!
Name 地域１: #REF!
Name 中: #REF!
Name 中々: #REF!
Name 表示段数: #REF!
Name 表示列数: #REF!
Name 余白: #REF!
Name 様式●＿辞退届: #REF!

Sheet 別記様式第1
A1: 別記様式第１
E2: 令和 年 月 日
A3: 一般社団法人 環境共生まちづくり協会
A4: 会長 竹中 宣雄 様
D5: （代表提案者）
D6: 提案団体名
D7: 代表者
A8: 令和８年度住宅・建築物環境対策事業費補助金交付申請書
A9: 令和8年度住宅・建築物環境対策事業に要する費用について、補助金の交付を受けたいので、令和8年度サステナブル建築物等先導事業（LCCO2評価先導型）補助金交付規程第６の規定により、関係書類を添えて下記の通り申請します。なお、当該手続きにあたっては、令和7年度サステナブル建築物等先導事業（LCCO2評価先導型）補助金交付規程を遵守します。
A10: 記
B11: １．補助事業の名称 | D11: サステナブル建築物等先導事業（LCCO2評価先導型）
C12: 部門名（ | F12: ）
C13: プロジェクト名（ | F13: ）
B14: ２．交付申請額 | E14: 千円（端数切り捨て）
B15: ３．交付申請額の算出方法及び事業経費の配分 （別紙１、２、3、４のとおり）
B16: ４．補助事業の概要 | D16: （別紙５のとおり）
B17: ５．事業完了の期日 | D17: 令和 年 月 日
B19: （申請書類）
C20: １．交付申請額の算出方法及び事業経費の配分 | F20: （ 別紙１ ）
C21: ２．交付申請額の算出方法の明細 | F21: （ 別紙２ ）
C22: ３．科目別使途明細書 | F22: （ 別紙３ ）
C23: ４．附帯事務費明細書 | F23: （ 別紙４ ）
C24: ５．補助事業の概要 | F24: （ 別紙５ ）
B25: （添付資料）
C26: １．提案申請書様式３・採択通知書・適合を確認した建築士免許証の写し | F26: （原本写し）
C27: ２．年度別事業計画内訳書 | F27: （ 別添１ ）
C28: ３．建築士による建築物の環境効率の評価結果書 | F28: （ 別添２ ）
C29: ４．建築士による省エネルギー性能の適合確認書 | F29: （ 別添３ ）
C30: ５．建築士による提案内容への適合確認書 | F30: （ 別添４-１ ）
C31: ６．提案内容への適合確認書（マネジメント及び技術の検証の場合） | F31: （ 別添４-２ ）
C32: ７．振込口座登録票 | F32: （ 別添５ ）
C33: ８．補助事業者等に関する宣誓書 | F33: （ 別添６ ）
C34: ９．交付申請に係る宣誓書 | F34: （ 別添７ ）
C35: 10．共同事業実施規約（共同事業の場合のみ） | F35: （参考様式）
C36: 11．見積書等の写し | F36: （原本写し）
C37: 12．補助対象事業費の精算見積書 | F37: （任意様式）
C38: 13．設計図書（平面、立面図など）と先導事業内容が示された書類等 | F38: （任意様式）
C39: 14．その他必要な資料
B40: （記載上の注意）
C41: １．用紙の大きさは、日本工業規格で定めるＡ列４とし、縦位置とすること。
C42: （設計図書等はＡ３折り込みで可）

Sheet 交付別紙1 
O1: 別紙１
A2: 交付申請額の算出方法及び事業経費の配分
O3: (単位：千円)
A4: 事 業 区 分 | C4: 事業費 | F4: 補助対象外事業費 | I4: 補助対象事業費 | L4: 補助率 | M4: 補助金申請額
C5: (a） | F5: (b） | I5: (c）＝（a）-（b） | M5: (c）× 補助率
A6: サステナブル建築物等先導事業
B7: 建築設計費 | C7: ( | E7: ) | F7: ( | G7: =D7-J7 -> 0 | H7: ) | I7: ( | K7: ) | L7: 0.5 | M7: ( | O7: )
G8: =D8-J8 -> 0
B9: 建設工事費 | C9: ( | E9: ) | F9: ( | G9: =D9-J9 -> 0 | H9: ) | I9: ( | K9: ) | L9: 0.5 | M9: ( | O9: )
G10: =D10-J10 -> 0
B11: マネジメントシステム整備費 | C11: ( | E11: ) | F11: ( | G11: =D11-J11 -> 0 | H11: ) | I11: ( | K11: ) | L11: 0.5 | M11: ( | O11: )
G12: =D12-J12 -> 0
B13: 技術の検証費 | C13: ( | E13: ) | F13: ( | G13: =D13-J13 -> 0 | H13: ) | I13: ( | K13: ) | L13: 0.5 | M13: ( | O13: )
G14: =D14-J14 -> 0
B15: 小 計（Ａ） | C15: ( | D15: =D7+D9+D11+D13 -> 0 | E15: ) | F15: ( | G15: =G7+G9+G11+G13 -> 0 | H15: ) | I15: ( | J15: =J7+J9+J11+J13 -> 0 | K15: ) | M15: ( | N15: =N7+N9+N11+N13 -> 0 | O15: )
D16: =D8+D10+D12+D14 -> 0 | G16: =G8+G10+G12+G14 -> 0 | J16: =J8+J10+J12+J14 -> 0 | N16: =N8+N10+N12+N14 -> 0
B17: 附帯事務費（Ａ×2.2％以内） | M17: ( | O17: )
A19: 合計 | B19: 交付申請額合計 | N19: =N16+N18 -> 0
B20: （前回交付決定額） | N20: =N15+N17 -> 0
B21: （変動増減） | N21: =N19-N20 -> 0
A22: （b）のうち、他の補助金が含まれている場合は以下に記入のこと。
B23: 事業名： | G23: 所管名；
A25: （注）
A26: １.変更申請の場合には、変更前の記載内容を上段（ ）書で記載すること。
A27: ２.（C）には、他の補助金を含めることはできない。
I28: プロジェクト名： | K28: =別記様式第1!D13 -> 0

Sheet 交付別紙2
N1: 別紙２
A2: 交付申請額の算出方法の明細
A5: Ａ 建築設計費
N6: (単位：千円)
A7: 補助対象棟数 | F7: 事業費 | H7: 補助対象事業費 | K7: 補助率 | L7: 補助金申請額
A8: ( | C8: 棟 | D8: ) | E8: ( | G8: ) | H8: ( | J8: ) | K8: 0.5 | L8: ( | N8: )
C9: 棟
A10: (注)
B11: １．変更申請の場合には、変更前の記載内容を上段（ ）書で記載すること。
B12: ２．事業費の積算内訳が記載されている見積書等を添付すること。（補助対象とならない費目については、
B13: 分かりやすく明記すること。）
A19: Ｂ 建設工事費（設備工事費を含む）
N20: (単位：千円)
A21: 補助対象棟数 | F21: 事業費 | H21: 補助対象事業費 | K21: 補助率 | L21: 補助金申請額
A22: ( | C22: 棟 | D22: ) | E22: ( | G22: ) | H22: ( | J22: ) | K22: 0.5 | L22: ( | N22: )
C23: 棟
A24: (注)
B25: １．変更申請の場合には、変更前の記載内容を上段（ ）書で記載すること。
B26: ２．事業費の積算内訳が記載されている見積書等を添付すること。（補助対象とならない費目については、
B27: 分かりやすく明記すること。）
F41: プロジェクト名： | G41: =別記様式第1!D13 -> 0
A43: Ｃ マネジメントシステム整備費
N44: (単位：千円)
A45: 区 分 | F45: 事業費 | H45: 補助対象事業費 | K45: 補助率 | L45: 補助金申請額
A46: 建設工事費 （ａ） | E46: ( | G46: ) | H46: ( | J46: ) | K46: 0.5 | L46: ( | N46: )
A48: 直接経費 （ｂ） | E48: ( | G48: ) | H48: ( | J48: ) | K48: 0.5 | L48: ( | N48: )
B50: 賃金等 | E50: ( | G50: ) | H50: ( | J50: ) | L50: ( | N50: )
B52: 旅費 | E52: ( | G52: ) | H52: ( | J52: ) | L52: ( | N52: )
B54: 備品購入費等 | E54: ( | G54: ) | H54: ( | J54: ) | L54: ( | N54: )
B56: 委託料等 | E56: ( | G56: ) | H56: ( | J56: ) | L56: ( | N56: )
B58: その他 | E58: ( | G58: ) | H58: ( | J58: ) | L58: ( | N58: )
A60: 合 計 （ａ+ｂ） | E60: ( | F60: =F46+F48 -> 0 | G60: ) | H60: ( | I60: =I46+I48 -> 0 | J60: ) | L60: ( | M60: =M46+M48 -> 0 | N60: )
F61: =F47+F49 -> 0 | I61: =I47+I49 -> 0 | M61: =M47+M49 -> 0
A62: (注)
B63: １．変更申請の場合には、変更前の記載内容を上段（ ）書で記載すること。
B64: ２．事業費の積算内訳が記載されている見積書等を添付すること。（補助対象とならない費目については、
B65: 分かりやすく明記すること。）
B66: ３．建設工事費を除く補助対象事業費の内訳については、別紙３Ａに記載すること。
A69: Ｄ 技術の検証費
N70: (単位：千円)
A71: 区 分 | F71: 事業費 | H71: 補助対象事業費 | K71: 補助率 | L71: 補助金申請額
A72: 建設工事費 （ａ） | E72: ( | G72: ) | H72: ( | J72: ) | K72: 0.5 | L72: ( | N72: )
A74: 直接経費 （ｂ） | E74: ( | G74: ) | H74: ( | J74: ) | K74: 0.5 | L74: ( | N74: )
B76: 賃金等 | E76: ( | G76: ) | H76: ( | J76: ) | L76: ( | N76: )
B78: 旅費 | E78: ( | G78: ) | H78: ( | J78: ) | L78: ( | N78: )
B80: 備品購入費等 | E80: ( | G80: ) | H80: ( | J80: ) | L80: ( | N80: )
B82: 委託料等 | E82: ( | G82: ) | H82: ( | J82: ) | L82: ( | N82: )
B84: その他 | E84: ( | G84: ) | H84: ( | J84: ) | L84: ( | N84: )
A86: 合 計 （ａ+ｂ） | E86: ( | F86: =F72+F74 -> 0 | G86: ) | H86: ( | I86: =I72+I74 -> 0 | J86: ) | L86: ( | M86: =M72+M74 -> 0 | N86: )
F87: =F73+F75 -> 0 | I87: =I73+I75 -> 0 | M87: =M73+M75 -> 0
A88: (注)
B89: １．変更申請の場合には、変更前の記載内容を上段（ ）書で記載すること。
B90: ２．事業費の積算内訳が記載されている見積書等を添付すること。（補助対象とならない費目については、
B91: 分かりやすく明記すること。）
B92: ３．建設工事費を除く補助対象事業費の内訳については、別紙３Ｂに記載すること。
F94: プロジェクト名： | G94: =別記様式第1!D13 -> 0

Sheet 交付別紙3
H1: 別紙３Ａ
A3: 科目別使途明細書（マネジメントシステム整備費）
H5: (単位：千円)
A6: 科 目 | C6: 内 容 | D6: 金 額 | G6: 積 算 内 訳 | H6: 使 途
A7: 直接経費
B8: 賃金等 | D8: ( | F8: )
B11: 旅費 | D11: ( | F11: )
B14: 備品購入費等 | D14: ( | F14: )
B17: 委託料等 | D17: ( | F17: )
B20: その他 | D20: ( | F20: )
A23: 合 計 | D23: ( | E23: =SUM(E8,E11,E14,E17,E20) -> 0 | F23: )
E24: =SUM(E9,E12,E15,E18,E21) -> 0
A25: （注）
B26: １.変更申請の場合には、変更前の記載内容を上段（ ）書で記載すること。
B27: ２.作成にあたっては、（別表）科目別使途内訳を参考にすること。
B28: ３.積算内訳の欄には，当該経費に係る額の算出についての積算の内訳を詳細に記載すること。
B29: ４.使途の欄には、必要に応じて、当該積算内訳についての使途の内容を記載すること。
C34: プロジェクト名： | E34: =別記様式第1!D13 -> 0
H36: 別紙３Ｂ
A38: 科目別使途明細書（技術の検証費）
H40: (単位：千円)
A41: 科 目 | C41: 内 容 | D41: 金 額 | G41: 積 算 内 訳 | H41: 使 途
A42: 直接経費
B43: 賃金等 | D43: ( | F43: )
B46: 旅費 | D46: ( | F46: )
B49: 備品購入費等 | D49: ( | F49: )
B52: 委託料等 | D52: ( | F52: )
B55: その他 | D55: ( | F55: )
A58: 合 計 | D58: ( | E58: =SUM(E43,E46,E49,E52,E55) -> 0 | F58: )
E59: =SUM(E44,E47,E50,E53,E56) -> 0
A60: (注)
B61: １.変更申請の場合には、変更前の記載内容を上段（ ）書で記載すること。
B62: ２.作成にあたっては、（別表）科目別使途内訳を参考にすること。
B63: ３.積算内訳の欄には，当該経費に係る額の算出についての積算の内訳を詳細に記載すること。
B64: ４.使途の欄には、必要に応じて、当該積算内訳についての使途の内容を記載すること。
D69: プロジェクト名： | E69: =別記様式第1!D13 -> 0
A71: （別表）
A72: 科目別使途内訳
B73: 直接経費
A74: 科 目 | C74: 説 明
A75: 賃 金 等 | C75: 応募者の構成員が法人の場合、当該事業を遂行するための技術補助者を雇用するための経費、当該事業を遂行するための単純労働に対して支払う経費（「時間給」又は「日給」）及び専門的知識の提供等、効果の検証に協力を得た人（応募者の構成員として効果の検証を実施する者は除く。）に支払う経費
A76: 旅 費 | C76: 当該事業に参加する者がマネジメントシステムの運用や技術の検証の実施のために直接必要な交通費及び宿泊費 ※旅費は国家公務員の旅費規程によって算出される額と実費とのいずれか少ない額を対象とする。
A77: 備品購入費等 | C77: 当該事業に供する器具機械類その他の備品並びに標本等で、その性質及び形状を変ずることなく長期の使用に耐えるものの代価（昭和３４年３月１２日付け建設省会発第７４号建設事務次官通達「補助事業等における残存物件の取扱いについて」参照）、事業用等の消耗器材、その他の消耗品及び備品に付随する部品等の代価 ＊備品等で、補助事業終了後に残存価値が生じるもの（購入価格２万円以上で耐用年数１年以上のもの）については原則リース等で調達（「その他」の支出費目に計上して下さい。）すること。 注）ここに計上するものについては、「Ⅻ.２.補助事業で購入した物の取り扱いについて」を参照してください。
A78: 委託料等 | C78: 当該事業を遂行するために必要な器具機械等の修繕料、各種保守料、洗濯料、翻訳料、写真等焼付料、鑑定料、設計料、試験料、加工手数料、当該事業の遂行に必要であるが、事業の本質をなす発想を必要としない定型的な業務を他の機関に委託して行わせるための経費 ＊原則として各年度の５０％を超えない範囲とします。５０％を超える場合は、その理由を記した書類を添付して下さい。
A79: その他 | C79: 設備の賃借（リース）、事業を遂行するために労働者派遣事業を営む者から期間を限って人材を派遣してもらうための経費、文献購入費、光熱水料（専用のメーターがある場合等、実際に要する経費の額を特定できる場合に限る。）、通信運搬費（実際に事業に要するものに限る。）、印刷製本費、借料・損料、会議費、送金手数料、収入印紙代等の雑費
B81: (注) 以下の経費については、補助対象とならない。
A82: 科 目 | D82: 説 明
A83: 建物等施設の建設、不動産取得に関する経費 | D83: ただし、本補助金で購入した設備・備品を導入することにより必要となる軽微な据付費等については、申請可能。
A84: 事業を実施する者の人件費 | D84: 応募者の構成員又は応募者の構成員に所属する者で、事業を実施するものの人件費。
A85: 技術補助者等に支払う経費のうち、労働時間に応じて支払う経費以外の経費 | D85: 雇用関係が生じるような月極の給与、退職金、ボーナス等の各種手当。ただし、労働者派遣事業者との契約により技術者等を受け入れるために必要な経費については申請可能。
A86: 国内外を問わず、単なる学会出席のための交通費、宿泊費、参加費 | D86: ただし、補助金の対象となった事業に関する成果発表会を行う場合は申請可能。
A87: 効果の検証中に発生した事故・災害の処理のための経費 | D87: －
A88: その他、当該事業における効果の検証の実施に関連性のない経費 | D88: －

Sheet 交付別紙4
H1: 別紙４
A3: 附帯事務費明細書
H6: (単位：千円)
A7: 費 目 | C7: 科 目 | D7: 金 額 | G7: 積 算 内 訳 | H7: 使 途
A8: 旅 費 | D8: ( | F8: )
A11: 庁 費 | D11: ( | F11: )
A14: 合 計 | D14: ( | E14: =SUM(E8,E11,) -> 0 | F14: )
E15: =SUM(E9,E12,) -> 0
A16: (注)
B17: １.変更申請の場合には、変更前の記載内容を上段（ ）書で記載すること。
B18: ２.作成にあたっては、（別表）科目別使途内訳を参考にすること。
B19: ３.積算内訳の欄には，当該経費に係る額の算出についての積算の内訳を詳細に記載すること。
B20: ４.使途の欄には、必要に応じて、当該積算内訳についての使途の内容を記載すること。
D31: プロジェクト名： | G31: =別記様式第1!D13 -> 0
A33: （別表）
A34: 科目別使途内訳
A36: 費 目 | C36: 科 目 | D36: 説 明
A37: 旅 費 | C37: 旅 費 | D37: 事業執行に直接必要な出張、関係機関との連絡等に必要な普通旅費（直接経費で対象となるものを除く） ※旅費は国家公務員の旅費規程によって算出される額と実費のいずれか少ない額を対象とする。
A40: 庁 費 | C40: 賃 金 | D40: 事業執行に直接必要な補助員等の賃金（ただし、庶務、経理等の一般管理事務に従事する者を除く。）
C41: 報 償 費 | D41: 謝礼金等
C42: 需 用 費 | D42: 文具費，消耗器材費等消耗品費，自動車等の燃料費，図書，報告書，帳簿等の印刷，製本代等印刷製本費，電気，水道，ガス等の使用料，同計器使用料等光熱水費並びに事務用器具及び自動車等備品の修繕料
C43: 役 務 費 | D43: 郵便，電信電話料及び運搬料等通信運搬費，物品保管料，倉庫料等保管料，物品取扱手数料，報告書等の筆耕料並びに自動車損害保険料等
C44: 委 託 料 | D44: 調査等の委託料
C45: 使用料及び賃借料 | D45: 自動車借上，会場借上，物品その他の借上等使用料及び賃貸料
B47: (注) 以下の経費については、申請できない経費。
A48: 科 目 | D48: 説 明
A49: 建物等施設の建設、不動産取得に関する経費 | D49: ただし、本補助金で購入した設備・備品を導入することにより必要となる軽微な据付費等については、申請可能。
A50: 事業を実施する者の人件費 | D50: 応募者の構成員又は応募者の構成員に所属する者で、事業を実施するものの人件費。
A51: 技術補助者等に支払う経費のうち、労働時間に応じて支払う経費以外の経費 | D51: 雇用関係が生じるような月極の給与、退職金、ボーナス等の各種手当。ただし、労働者派遣事業者との契約により技術者等を受け入れるために必要な経費については申請可能。
A52: 国内外を問わず、単なる学会出席のための交通費、宿泊費、参加費 | D52: ただし、補助金の対象となった事業に関する成果発表会を行う場合は申請可能。
A53: 効果の検証中に発生した事故・災害の処理のための経費 | D53: －
A54: その他、当該事業における効果の検証の実施に関連性のない経費 | D54: －
A55: 当該事業の補助金交付の申請に関わる費用 | D55: 補助金交付に関する申請書作成費及び事務代行費。申請に伴う旅費及び庁費（賃金、文具費、印刷費、郵便・通信運搬費等）

Sheet 交付別紙5
H1: 別紙５
A3: 補助事業の概要
A30: (注)
B31: １.今年度実施する補助事業の概要について、具体的に記載してください。
B32: ２.変更申請の場合は、交付申請額から変更箇所、変更内容を具体的に記載してください。
D34: プロジェクト名： | F34: =別記様式第1!D13 -> 0

Sheet 交付別添1
I1: 別添１
B2: 年度別事業計画内訳書
I3: （単位：千円）
B4: 事業区分 | C4: 年度計画 | D4: 全体計画 | E4: 令和６年度 | F4: 令和７年度 | G4: 令和８年度 | H4: 令和９年度 | I4: 令和10年度以降
B5: 建築設計費 | C5: 事業費 | D5: =SUM(E5:I5) -> 0
C6: 補助対象事業費 | D6: =SUM(E6:I6) -> 0
C7: 補助額（国費） | D7: =SUM(E7:I7) -> 0
B8: 建設工事費 | C8: 事業費 | D8: =SUM(E8:I8) -> 0
C9: 補助対象事業費 | D9: =SUM(E9:I9) -> 0
C10: 補助額（国費） | D10: =SUM(E10:I10) -> 0
B11: マネジメントシステム 整備費 | C11: 事業費 | D11: =SUM(E11:I11) -> 0
C12: 補助対象事業費 | D12: =SUM(E12:I12) -> 0
C13: 補助額（国費） | D13: =SUM(E13:I13) -> 0
B14: 技術の検証費 | C14: 事業費 | D14: =SUM(E14:I14) -> 0
C15: 補助対象事業費 | D15: =SUM(E15:I15) -> 0
C16: 補助額（国費） | D16: =SUM(E16:I16) -> 0
B17: 小 計 | C17: 事業費 | D17: =SUM(E17:I17) -> 0 | E17: =E5+E8+E11+E14 -> 0 | F17: =F5+F8+F11+F14 -> 0 | G17: =G5+G8+G11+G14 -> 0 | H17: =H5+H8+H11+H14 -> 0 | I17: =I5+I8+I11+I14 -> 0
C18: 補助対象事業費 | D18: =SUM(E18:I18) -> 0 | E18: =E6+E9+E12+E15 -> 0 | F18: =F6+F9+F12+F15 -> 0 | G18: =G6+G9+G12+G15 -> 0 | H18: =H6+H9+H12+H15 -> 0 | I18: =I6+I9+I12+I15 -> 0
C19: 補助額（国費） | D19: =SUM(E19:I19) -> 0 | E19: =E7+E10+E13+E16 -> 0 | F19: =F7+F10+F13+F16 -> 0 | G19: =G7+G10+G13+G16 -> 0 | H19: =H7+H10+H13+H16 -> 0 | I19: =I7+I10+I13+I16 -> 0
B20: 附帯事務費(小計×2.2%以内) | C20: 補助額（国費） | D20: =SUM(E20:I20) -> 0
B21: 合 計 | C21: 事業費 | D21: =SUM(E21:I21) -> 0 | E21: =E17 -> 0 | F21: =F17 -> 0 | G21: =G17 -> 0 | H21: =H17 -> 0 | I21: =I17 -> 0
C22: 補助対象事業費 | D22: =SUM(E22:I22) -> 0 | E22: =E18 -> 0 | F22: =F18 -> 0 | G22: =G18 -> 0 | H22: =H18 -> 0 | I22: =I18 -> 0
C23: 補助額（国費） | D23: =SUM(E23:I23) -> 0 | E23: =E19+E20 -> 0 | F23: =F19+F20 -> 0 | G23: =G19+G20 -> 0 | H23: =H19+H20 -> 0 | I23: =I19+I20 -> 0
B24: 採択額（国費）
H25: の欄に記載してください。
B26: ﾌﾟﾛｼﾞｪｸﾄの完了年月 ※1 | D26: 令和 年 月 | E26: ※1 採択されたプロジェクトが完了する年月を記載してください。
B27: 補助事業の最終年度 ※2 | D27: 令和 年度 | E27: ※2 補助対象となった事業項目が終了する年度を記載してください（補助金受領の最終年度）。
B28: 許認可の取得予定年月 ※3 | D28: 令和 年 月 | E28: ※3 その開設に際し許認可を必要とする施設に係る建設工事が補助事業に含まれる場合は、
E29: 当該許認可を取得する予定の年月を記載してください。
B30: 注）
B31: １．各年度とも事業費は３月末までの出来高に基づいて記載してください。
B32: 補助対象事業費および補助額は交付申請する予定の年度の欄に記載してください。 | G32: 提案者名：
B33: ２．各項目の補助額（国費）については補助対象事業費の1/2の金額を記載してください（千円未満は切り捨て）。
B34: ３．附帯事務費は、各年度における小計補助額（国費）の2.2%以内の金額を記載してください（千円未満は切り捨て）。 | G34: プロジェクト名： | H34: =別記様式第1!D13 -> 0
B35: ４．額が確定していない場合は、現時点での見通しで記載してください。
B36: ５．採択額（国費）の欄には、採択通知書に記載されている額を記載してください。 | G36: 提案採択時期： | H36: 令和 年度 第 回
B37: なお、全体計画の合計補助額は採択額（国費）以内でなければなりません。

Sheet 交付別添2
O1: 別添２
A3: 建築士による建築物の環境効率の評価結果書
A5: 当該申請に係る建築物の環境効率の評価結果は次のとおりであることを証明します。
A7: 令和 年 月 日
G9: （一級・二級・木造）建築士 登録 号
J10: 建築士の氏名
E11: 建築士事務所名 建築士事務所 知事登録 号
G12: 所在地
G13: （CASBEE評価員が作成した場合：登録 号）
A15: １.建築物の基本事項
A16: プロジェクト名 | D16: =別記様式第1!D13 -> 0
A17: 建築物の名称
A18: 所在地
A19: 用途 | D19: □ | E19: 事務所 | F19: □ | G19: 学校 | H19: □ | I19: 物販店 | J19: □ | K19: 飲食店 | L19: □ | M19: 集会所 | N19: □ | O19: 工場
A20: （該当するものに「■」） | D20: □ | E20: 病院 | F20: □ | G20: ホテル | H20: □ | I20: その他（ ）
A21: 構造・工法 | D21: □ | E21: 木造 | F21: □ | G21: 鉄骨造 | H21: □ | I21: RC造 | J21: □ | K21: SRC造 | L21: □ | M21: その他（ ）
A22: 延べ面積・階数 | D22: 延べ面積： ㎡ 地上 階 地下 階
A23: (注)「プロジェクト名」欄には、提案申請書様式１に記載してある「プロジェクト名」を記載すること。
A25: ２.申請者等の概要
A26: 申請者 | D26: 氏名又は名称
D27: 住所
A28: 建築主 | D28: 氏名又は名称
D29: 住所
A30: 設計者 | D30: 資格 （ ）建築士 ( )登録 号
D31: 氏名
D32: 建築士事務所名 （ ）建築士事務所（ ）知事登録 号
D33: 所在地
B34: 【建築士は内容について責任を持つものとし、その旨を証明する本書類を提出すること。 不正があった場合は、建築士法に基づき処分を行う場合があることに留意すること。】
A35: 3.使用した環境効率の評価ツール
A36: CASBEE評価ツール | D36: □ | E36: CASBEE-建築（新築）（2024年版）
A37: （該当するものに「■」） | D37: □ | E37: CASBEE-建築（新築）（2021年SDGS対応版）
D38: □ | E38: CASBEE-建築（改修）（2014年版）
D39: □ | E39: 上記以外のCASBEE（ ）
A40: CASBEE以外の評価ツール
A41: (注)「上記以外のCASBEE」、又は「CASBEE以外の評価ツール）を選択した場合にあっては、別にLCCO2の計算結果を作成すること。
A43: 4.環境効率の評価結果シート
A46: (注)
A47: １.環境効率の評価結果シートを張り付けること。
A48: ２.原則として、建築物の棟ごとに作成すること。

Sheet 交付別添3
O1: 別添３
A3: 建築士による省エネルギー性能の適合確認書
A5: 当該申請に係る建築物の設計内容の省エネルギー性能の適合状況は次のとおりであることを
A6: 証明します。
A7: 令和 年 月 日
G9: （一級・二級・木造）建築士 登録 号
K10: 建築士の氏名
E11: 建築士事務所名 建築士事務所 知事登録 号
I12: 所在地
A15: １.建築物の基本事項
A16: プロジェクト名 | D16: =別記様式第1!D13 -> 0
A17: 建築物の名称
A18: 所在地
A19: 用途 | D19: □ | E19: 事務所 | F19: □ | G19: 学校 | H19: □ | I19: 物販店 | J19: □ | K19: 飲食店 | L19: □ | M19: 集会所 | N19: □ | O19: 工場
A20: （該当するものに「■」） | D20: □ | E20: 病院 | F20: □ | G20: ホテル | H20: □ | I20: その他（ ）
A21: 構造・工法 | D21: □ | E21: 木造 | F21: □ | G21: 鉄骨造 | H21: □ | I21: RC造 | J21: □ | K21: SRC造 | L21: □ | M21: その他（ ）
A22: 延べ面積・階数 | D22: 延べ面積： ㎡ 地上 階 地下 階
A23: (注)「プロジェクト名」欄には、提案申請書様式１に記載してある「プロジェクト名」を記載すること。
A25: ２.申請者等の概要
A26: 申請者 | D26: 氏名又は名称
D27: 住所
A28: 建築主 | D28: 氏名又は名称
D29: 住所
A30: 設計者 | D30: 資格 （ ）建築士 ( )登録 号
D31: 氏名
D32: 建築士事務所名 （ ）建築士事務所（ ）知事登録 号
D33: 所在地
B34: 【建築士は内容について責任を持つものとし、その旨を証明する本書類を提出すること。 不正があった場合は、建築士法に基づき処分を行う場合があることに留意すること。】
A35: 3.省エネルギー性能の適合状況 | P35: 1
A36: 省エネルギー措置の項目 | D36: 省エネルギー性能 | P36: 2
A37: 外壁、窓等を通じての熱の損失の防止のための措置 | F37: □ | G37: 年間熱負荷係数 | P37: 3
D38: (地域区分： | F38: （ MJ/（㎡・年）） | K38: （基準値 MJ/（㎡・年）） | P38: 4
F39: □ | G39: 特別な調査又は研究の結果に基づく計算方法及び計算結果 | P39: 5
D40: 地域） | F40: （ ） | P40: 6
F41: □ | G41: 基準対象外 | P41: 7
A42: 空気調和設備等に係るエネルギーの効率的利用のための措置 | D42: 一次エネルギー消費量 | F42: □ | G42: 設計一次エネルギー消費量（ GJ/年） | P42: 8
G43: 基準一次エネルギー消費量（ GJ/年）
F44: □ | G44: 特別な調査又は研究の結果に基づく計算方法及び計算結果
F45: （ ）
D46: エネルギー利用効率化設備の有無 | F46: □ | G46: 有
F47: □ | G47: 無
A48: (注)
A49: １.□には、該当するものに「■」をつけること。
A50: ２.省エネルギー基準の適合状況に関する表には「建築物全体に係る事項」について記載のこと。
A51: ３.新築の採択プロジェクトについて、令和４年度以降はZEH・ZEB基準の水準の省エネ性能、令和３年度以前は省エネルギー基準を
A52: 満たすこと。改修の採択プロジェクトは、省エネルギー基準を満たすこと。
A53: ４.建築物のエネルギー消費性能の向上に関する法律（以下、建築物省エネ法という。）第11条第1項および第3項で定める建築物
A54: 消費性能確保計画を提出し適合判定通知書を取得している場合、ＢＥＬＳ（建築物省エネ法第７条に基づく建築物省エネルギー
A55: 性能表示のための第三者機関による評価業務実施指針に基づき実施する建築物エネルギー性能表示制度）を取得している場合、
A56: 都市の低炭素化の促進に関する法律第53条及び第55条により計画の認定を取得している場合、又は住宅の品質確保等に関する
B57: 法律第6条に規定する設計住宅性能評価書を取得している場合にあっては、その写しを添付すること。
B58: この場合、上記項目の記載は不要。
A59: ５.原則として、建築物の棟ごとに作成するものとするが、届出書を複数棟で提出する場合等にあっては、複数棟で作成することも
B60: 可とする。
A61: ６.住宅で設計施工指針による場合は、附則様式第三面の該当項目を記載して添付するほか、仕様が分かる資料を提出すること。

Sheet 交付別添４-１
O1: 別添４-１
A3: 建築士による提案内容への適合確認書
A5: 当該申請に係る建築物の設計内容とサステナブル建築物等先導事業（LCCO2評価先導型）の
A6: 提案申請書に記載されている提案の内容との適合状況は、次のとおりであることを証明する。
A9: 令和 年 月 日
G11: （一級・二級・木造）建築士 登録 号
K12: 建築士の氏名
E13: 建築士事務所名 建築士事務所 知事登録 号
I14: 所在地
A17: １.建築物の基本事項
A18: プロジェクト名 | D18: =別記様式第1!D13 -> 0
A19: 建築物の名称
A20: 所在地
A21: 用途 | D21: □ | E21: 事務所 | F21: □ | G21: 学校 | H21: □ | I21: 物販店 | J21: □ | K21: 飲食店 | L21: □ | M21: 集会所 | N21: □ | O21: 工場
A22: （該当するものに「■」） | D22: □ | E22: 病院 | F22: □ | G22: ホテル | H22: □ | I22: その他（ ）
A23: 構造・工法 | D23: □ | E23: 木造 | F23: □ | G23: 鉄骨造 | H23: □ | I23: RC造 | J23: □ | K23: SRC造 | L23: □ | M23: その他（ ）
A24: 延べ面積・階数 | D24: 延べ面積： ㎡ 地上 階 地下 階
A25: (注)「プロジェクト名」欄には、提案申請書様式１に記載してある「プロジェクト名」を記載すること。
A27: ２.申請者等の概要
A28: 申請者 | D28: 氏名又は名称
D29: 住所
A30: 建築主 | D30: 氏名又は名称
D31: 住所
A32: 設計者 | D32: 資格 （ ）建築士 ( )登録 号
D33: 氏名
D34: 建築士事務所名 （ ）建築士事務所（ ）知事登録 号
D35: 所在地
B36: 【建築士は内容について責任を持つものとし、その旨を証明する本書類を提出すること。 不正があった場合は、建築士法に基づき処分を行う場合があることに留意すること。】
A37: 3.先導的な提案内容への適合状況
A38: 提案項目 | D38: 提案概要 | K38: 補助対象項目 | L38: 適合性の評価
K39: □ | L39: □ | M39: 適 | N39: □ | O39: 不適
K41: □ | L41: □ | M41: 適 | N41: □ | O41: 不適
K43: □ | L43: □ | M43: 適 | N43: □ | O43: 不適
K45: □ | L45: □ | M45: 適 | N45: □ | O45: 不適
K47: □ | L47: □ | M47: 適 | N47: □ | O47: 不適
K49: □ | L49: □ | M49: 適 | N49: □ | O49: 不適
K51: □ | L51: □ | M51: 適 | N51: □ | O51: 不適
A53: (注)
A54: １.「提案項目」、「提案概要」欄には、提案申請書様式３及び様式４－１を中心に省CO2の取り組みとして提案してある内容を記入
A55: すること。欄は適宜追加すること。
A56: ２.「補助対象項目」欄には、該当する項目に■をつけること。
A57: ３.「適合性の評価」欄には、どちらか該当する方に■をつけること。

Sheet 交付別添４-２
O1: 別添４-２
A3: 提案内容への適合確認書
A4: （マネジメント及び技術の検証の場合）
A6: 当該申請に係る省CO2マネジメントシステムの整備及び技術の検証に関する内容とサステナブル
A7: 建築物等先導事業（LCCO2評価先導型）の提案申請書に記載されている提案の内容との適合状況は
A8: 次のとおりである。
A13: １.マネジメント又は技術の検証を実施する建築物の基本事項
A14: プロジェクト名 | D14: =別記様式第1!D13 -> 0
A15: 建築物の名称
A16: 所在地
A17: 用途 | D17: □ | E17: 事務所 | F17: □ | G17: 学校 | H17: □ | I17: 物販店 | J17: □ | K17: 飲食店 | L17: □ | M17: 集会所 | N17: □ | O17: 工場
A18: （該当するものに「■」） | D18: □ | E18: 病院 | F18: □ | G18: ホテル | H18: □ | I18: その他（ ）
A19: 構造・工法 | D19: □ | E19: 木造 | F19: □ | G19: 鉄骨造 | H19: □ | I19: RC造 | J19: □ | K19: SRC造 | L19: □ | M19: その他（ ）
A20: 延べ面積・階数 | D20: 延べ面積： ㎡ 地上 階 地下 階
A21: (注)「プロジェクト名」欄には、提案申請書様式１に記載してある「プロジェクト名」を記載すること。
A23: ２.申請者及び実施者等の概要
A24: 申請者 | D24: 氏名又は名称
D25: 住所
A26: 建築主 | D26: 氏名又は名称
D27: 住所
A28: マネジメントの実施者 | D28: 氏名又は名称
D29: 住所
A30: 技術の検証の実施者 | D30: 氏名又は名称
D31: 住所
A32: 設計者 | D32: 資格 （ ）建築士 ( )登録 号
D33: 氏名
D34: 建築士事務所名 （ ）建築士事務所（ ）知事登録 号
D35: 所在地
A36: (注)該当する欄のみ記載すること。
A37: 3.先導的な提案内容への適合状況
A38: 提案項目 | D38: 提案概要 | K38: 補助対象項目 | L38: 適合性の評価
K39: □ | L39: □ | M39: 適 | N39: □ | O39: 不適
K41: □ | L41: □ | M41: 適 | N41: □ | O41: 不適
K43: □ | L43: □ | M43: 適 | N43: □ | O43: 不適
K45: □ | L45: □ | M45: 適 | N45: □ | O45: 不適
K47: □ | L47: □ | M47: 適 | N47: □ | O47: 不適
K49: □ | L49: □ | M49: 適 | N49: □ | O49: 不適
K51: □ | L51: □ | M51: 適 | N51: □ | O51: 不適
A53: (注)
A54: １.「提案項目」、「提案概要」欄には、提案申請書様式３及び様式４－１を中心に省CO2の取り組みとして提案してある内容を記入
A55: すること。欄は適宜追加すること。
A56: ２.「補助対象項目」欄には、該当する項目に■をつけること。
A57: ３.「適合性の評価」欄には、どちらか該当する方に■をつけること。

Sheet 交付別添5
N1: 別添５
A3: 振込口座登録票
B6: 1.銀行名 | L6: 銀行
C8: 銀行コード
B11: 2.支店名 | L11: 支店
C13: 支店コード
B16: 3.預金種別（該当する種別を〇で囲んでください）
C18: 普通 ・ 当座 ・ 総合
B21: 4.口座番号
B25: 5.郵便番号及び住所
B27: １）郵便番号 〒
B29: ２）住所
B30: カナ：
B31: (都道府県名からの記載）
B32: 注1）国庫金振込通知書の送付先を記入してください。
B33: 注2）難読地名には、必ず振り仮名を記入してください。
B36: 6.口座名：
B37: カナ：
F41: プロジェクト名： | I41: =別記様式第1!D13 -> 0

Sheet 交付別添６
AF1: 別添６
A4: 補助事業者等に関する宣誓書
C7: 下記１.～４.の各項目について、該当する項目にチェックし、宣誓してください。
C9: １．本補助事業において、以下の（１）～（３）の関係にある会社から行う調達の有無。
C11: （１）１００％同一の資本に属するグループ会社
C12: （２）補助金申請者の関係会社（財務諸表等規則第８条第８項で定めるもの。上記（１）
E13: を除く。）
C14: （３）補助金申請者の役員である者（親族を含む）又はこれらの者が役員に就任している法人
E16: （１）～（３）の関係にある会社からの調達は一切ない。 | Z16: □ | AH16: □
E17: （１）～（３）の関係にある会社からの調達がある。 | Z17: □ | AH17: ■
D19: （１）～（３）の関係にある会社からの調達がある場合には、価格の妥当性を確認する
D20: ため、関係会社等以外の２者を含めた３者以上からの見積り結果の添付を求めます。
C23: ２．過去３カ年度内に国土交通省住宅局が所轄する他の補助事業において補助金返還命令
D24: を受けたこと。
H26: 該当無し | L26: □ | O26: 該当有り | S26: □
C28: ３．暴力団又は暴力団員であること、及び暴力団又は暴力団員と不適切な関係にあること。
H30: 該当無し | L30: □ | O30: 該当有り | S30: □
C32: ４．補助金等に係る予算の執行の適正化に関する法律（昭和30年法律第179号）第17条
D33: （決定の取消）に該当した場合は、他府省庁・独立行政法人を含む他の補助金担当課
D34: に当該返還事案の概要（法人又は申請者名・補助金名・交付決定額・補助事業の
D35: 実施期間・返還を生じた理由・講じられた措置の内容等）を提供することがあります。
H37: 上記４の内容について 同意する | T37: □
C39: ・２．３．において該当のある事業者は、原則として補助金の申請をすることが
C40: できません。
C41: ・４．において個人情報の使用について同意して頂けない場合は、交付申請を受け付け
C42: られません。
C43: ・本確認書に虚偽の記載をし、記載内容が事実と相違していることが発覚した場合は、
C44: 補助金の全額返還を求めることがあります。
S46: 令和 年 月 日
R47: （代表者）
P48: 提案団体名：
P49: 代表者：

Sheet 交付別添7
AF1: 別添７
A5: 令和８年度住宅・建築物環境対策事業費補助金事業の交付申請に係る宣誓書
C9: 令和８年度住宅・建築物環境対策事業費補助金事業の交付申請にあたり、下記の事項
C10: について確認し、遵守することを宣誓します。
C13: １．完了予定期日までに実施できる事業内容を精査し、当該事業の実施に
D14: 必要な補助金の額を交付申請すること。
C16: ２．交付決定後、やむを得ない事情により、完了予定期日までに実施する事業の
D17: 内容に変更が生じ、当該事業の実施に必要な補助金の額が交付決定額を下回るこ
D18: とが見込まれる場合は、速やかに事務事業者に報告の上、その指示に従うこと。
C20: ３．１及び２の事項を遵守しなかった場合には、その後の住宅局の補助事業等で
D21: 補助金の交付を受けられない場合があることを承諾すること。
C27: 令和 年 月 日
D29: （代表提案者）
D30: 提案団体名：
D31: 代表者：
D32: 責任者： | AG32: ここでの責任者とは、事務窓口のご連絡先ではなく、事業部長や本部長、工場長など
D33: 電話番号： | AG33: 本プロジェクトの責任をとれる方で、電話番号は責任者様の電話番号を明記願います。

Sheet 別記様式第4
A1: 別記様式第４
E2: 令和 年 月 日
A3: 一般社団法人 環境共生まちづくり協会
A4: 会長 竹中 宣雄 様
D5: （代表提案者）
D6: 提案団体名
D7: 代表者
A8: 令和８年度住宅・建築物環境対策事業費補助金交付変更承認申請書
A9: 令和 年 月 日付けＫＫＪR08発第 号をもって交付決定の通知を受けた標記事業については，当該決定の額及びその内容を変更したいので，下記のとおり申請します。
A10: 記
B11: １．補助事業の名称 | D11: サステナブル建築物等先導事業（LCCO2評価先導型）
C12: 部門名（ | D12: =別記様式第1!D12 -> 0 | F12: ）
C13: プロジェクト名（ | D13: =別記様式第1!D13 -> 0 | F13: ）
B14: ２．交付申請額 | E14: 千円
B15: 前回交付決定額 | E15: 千円
B16: 変更増△減額 | E16: 千円
B17: ３．変更理由 別紙のとおり
B18: ４．交付申請額の算出方法及び事業経費の配分 （別紙１、２、3、４のとおり）
B19: ５．事業完了の期日 | D19: 令和 年 月 日
B21: （申請書類）
C22: １．交付申請額の算出方法及び事業経費の配分 | F22: （ 別紙１ ）
C23: ２．交付申請額の算出方法の明細 | F23: （ 別紙２ ）
C24: ３．科目別使途明細書 | F24: （ 別紙３ ）
C25: ４．附帯事務費明細書 | F25: （ 別紙４ ）
C26: ５．補助事業の概要 | F26: （ 別紙５ ）
B27: （添付資料）
C28: １．提案申請書様式３・採択通知書・適合を確認した建築士免許証の写し | F28: （原本写し）
C29: ２．年度別事業計画内訳書 | F29: （ 別添１ ）
C30: ３．建築士による建築物の環境効率の評価結果書 | F30: （ 別添２ ）
C31: ４．建築士による省エネルギー性能の適合確認書 | F31: （ 別添３ ）
C32: ５．建築士による提案内容への適合確認書 | F32: （ 別添４-１ ）
C33: ６．提案内容への適合確認書（マネジメント及び技術の検証の場合） | F33: （ 別添４-２ ）
C34: ７．交付申請に係る宣誓書 | F34: （ 別添７ ）
C35: ８．共同事業実施規約（共同事業の場合のみ） | F35: （参考様式）
C36: ９．見積書等の写し | F36: （原本写し）
C37: 10．補助対象事業費の精算見積書 | F37: （任意様式）
C38: 11．設計図書（平面、立面図など）と先導事業内容が示された書類等 | F38: （任意様式）
C39: 12．その他必要な資料
B42: （記載上の注意）
C43: １．用紙の大きさは、日本工業規格で定めるＡ列４とし、縦位置とすること。
C44: （設計図書等はＡ３折り込みで可）
C45: ２．交付変更申請額の算出方法等は、すべて補助金交付申請書の様式を準用し、当初の数字(A)を
C46: 変更後数字(B)の上段に（ ）書きで記入し、合計欄の下に変更増△減（B－A）の欄を設けること。

Sheet 別記様式第10
A1: 別記様式第１０
E2: 令和 年 月 日
A3: 一般社団法人 環境共生まちづくり協会
A4: 会長 竹中 宣雄 様
D5: （代表提案者）
D6: 提案団体名
D7: 代表者
A8: 令和８年度住宅・建築物環境対策事業費補助金完了実績報告書
A9: 令和 年 月 日付けＫＫＪR08発第 号をもって補助金の交付決定を受けた標記事業が完了したので、令和8年度サステナブル建築物等先導事業（LCCO2評価先導型）補助金交付規程第１１の規定により、関係書類を添え、下記のとおり報告します。
A10: 記
B11: １．補助事業の名称 | D11: サステナブル建築物等先導事業（LCCO2評価先導型）
C12: 部門名（ | D12: =別記様式第1!D12 -> 0 | F12: ）
C13: プロジェクト名（ | D13: =別記様式第1!D13 -> 0 | F13: ）
B14: ２．補助金の交付決定額及び精算額
B15: 補助金の交付決定額 | E15: 千円
B16: 補助金の精算額 | E16: 千円
B17: ３．補助事業の実施期間 | D17: 令和 年 月 日 ～令和 年 月 日
B18: ４．補助事業の成果（添付書類のとおり）
B20: （申請書類）
C21: １．補助金精算調書 | F21: （ 別紙１ ）
C22: ２．科目別決算内訳 | F22: （ 別紙２ ）
C23: ３．科目別決算内訳の明細 | F23: （ 別紙３ ）
C24: ４．附帯事務費明細書 | F24: （ 別紙４ ）
C25: ５．年度別事業計画内訳書 | F25: （ 別紙５ ）
C26: ６．残存物件調書（該当がない場合は提出不要） | F26: （ 別紙６ ）
B27: （添付資料）
C28: １．交付決定通知書（最終の通知書） | F28: （原本写し）
C29: ２．建築士による提案内容への適合確認書 | F29: （ 別添１-１ ）
C30: ３．提案内容への適合確認書（マネジメント及び技術の検証の場合） | F30: （ 別添１-２ ）
C31: ４．物件の写真等 ※完了出来高が判別できるもの | F31: （任意様式）
C32: ５．事業費の積算内訳が記載されている契約書等 | F32: （原本写し）
C33: ６．工事等の事実を証明する書類（出荷証明書・完了検査済証の写し） | F33: （原本写し）
C34: ７．省エネルギー性能の表示内容が確認できる資料 | F34: （任意様式）
C35: ８．事業費の支払いを証明する書類 | F35: （任意様式）
C36: ９．減額内訳書 （事業量の減少による減額があった場合はその変更内容及び額） | F36: （任意様式）
C37: 10．経理に関する監査報告書 | F37: （任意様式）
C38: 11．LCCO2評価算定結果（延べ面積2,000㎡以上の場合） | F38: （電子データ）
C39: 12．その他必要な資料・提案内容への提出可能な成果物
B42: （記載上の注意）
C43: １．用紙の大きさは、日本工業規格で定めるＡ列４とし、縦位置とすること。
C44: （設計図書等はＡ３折り込みで可）

Sheet 実績別紙1 
G1: 別紙１
A4: 補助金精算調書
G7: (単位：千円)
A8: 区 分 | E8: 金 額 | G8: 備 考
A9: 交付決定の内容 | B9: 1 | C9: 補助事業に要する経費
B10: 2 | C10: 補助金額
A11: 補助金換算額 | B11: 3 | C11: 精算対象支払額
B12: 4 | C12: 精算補助金額
A13: 5 | B13: 消費税仕入控除税額
A14: 6 | B14: 補助金返納額又は不用額 6=(2-4)+5 | E14: =E10-E12+E13 -> 0
A15: 7 | B15: 補助金受入済額
A16: 8 | B16: 差引受入未済額又は超過額 8=4-7 | E16: =E12-E15 -> 0
B17: （注）
C18: １.「１ 補助事業に要する経費」「３ 精算対象支払額」の欄は、それぞれ別紙２の
C19: 「補助対象事業費」と一致すること。
C20: ２.「２ 補助金額」「４ 精算補助金額」の欄は、それぞれ別紙２の「補助金精算額」と
C21: 一致すること。
C28: プロジェクト名： | D28: =別記様式第1!D13 -> 0

Sheet 実績別紙2 
L1: 別紙２
A3: 科目別決算内訳
L6: (単位：千円)
A7: 事 業 区 分 | C7: 事業費 | F7: 補助対象事業費 | I7: 補助率 | J7: 補助金精算額
A8: サステナブル建築物等先導事業
B9: 建築設計費 | C9: ( | E9: ) | F9: ( | H9: ) | I9: 0.5 | J9: ( | L9: )
B11: 建設工事費 | C11: ( | E11: ) | F11: ( | H11: ) | I11: 0.5 | J11: ( | L11: )
B13: マネジメントシステム整備費 | C13: ( | E13: ) | F13: ( | H13: ) | I13: 0.5 | J13: ( | L13: )
B15: 技術の検証費 | C15: ( | E15: ) | F15: ( | H15: ) | I15: 0.5 | J15: ( | L15: )
B17: 小 計（Ａ） | C17: ( | D17: =D9+D11+D13+D15 -> 0 | E17: ) | F17: ( | G17: =G9+G11+G13+G15 -> 0 | H17: ) | J17: ( | K17: =K9+K11+K13+K15 -> 0 | L17: )
D18: =D10+D12+D14+D16 -> 0 | G18: =G10+G12+G14+G16 -> 0 | K18: =K10+K12+K14+K16 -> 0
B19: 附帯事務費（Ａ×2.2％以内） | J19: ( | L19: )
A21: 合計 | B21: 決算額合計 （Ｂ） | K21: =K18+K20 -> 0
B22: 交付決定額 （Ｃ） | K22: =K17+K19 -> 0
B23: 差額 （Ｂ－Ｃ） | K23: =K21-K22 -> 0
A25: （注）交付申請額を上段に（ ）書で記載すること。
G28: プロジェクト名： | H28: =別記様式第1!D13 -> 0

Sheet 実績別紙3
N1: 別紙３
A2: 科目別決算内訳の明細
A5: Ａ 建築設計費
N6: (単位：千円)
A7: 補助対象棟数 | F7: 事業費 | H7: 補助対象事業費 | K7: 補助率 | L7: 補助金精算額
A8: ( | C8: 棟 | D8: ) | E8: ( | G8: ) | H8: ( | J8: ) | K8: 0.5 | L8: ( | N8: )
C9: 棟
A10: (注)
B11: １．交付申請額を上段に（ ）書で記載すること。
B12: ２．事業費の積算内訳が記載されている請負契約書等を添付すること。（補助対象とならない費目について
B13: は、分かりやすく明記すること。）ただし、交付申請時から変更がない場合にあっては不要。
A19: Ｂ 建設工事費（設備工事費を含む）
N20: (単位：千円)
A21: 補助対象棟数 | F21: 事業費 | H21: 補助対象事業費 | K21: 補助率 | L21: 補助金精算額
A22: ( | C22: 棟 | D22: ） | E22: ( | G22: ) | H22: ( | J22: ) | K22: 0.5 | L22: ( | N22: )
C23: 棟
A24: (注)
B25: １．交付申請額を上段に（ ）書で記載すること。
B26: ２．事業費の積算内訳が記載されている請負契約書等を添付すること。（補助対象とならない費目について
B27: は、分かりやすく明記すること。）ただし、交付申請時から変更がない場合にあっては不要。
F42: プロジェクト名： | G42: =別記様式第1!D13 -> 0
A44: Ｃ マネジメントシステム整備費
N45: (単位：千円)
A46: 区 分 | F46: 事業費 | H46: 補助対象事業費 | K46: 補助率 | L46: 補助金精算額
A47: 建設工事費 （ａ） | E47: ( | G47: ) | H47: ( | J47: ) | K47: 0.5 | L47: ( | N47: )
A49: 直接経費 （ｂ） | E49: ( | F49: =SUM(F51,F53,F55,F57,F59) -> 0 | G49: ) | H49: ( | I49: =SUM(I51,I53,I55,I57,I59) -> 0 | J49: ) | K49: 0.5 | L49: ( | M49: =SUM(M51,M53,M55,M57,M59) -> 0 | N49: )
F50: =SUM(F52,F54,F56,F58,F60) -> 0 | I50: =SUM(I52,I54,I56,I58,I60) -> 0 | M50: =SUM(M52,M54,M56,M58,M60) -> 0
B51: 賃金等 | E51: ( | G51: ) | H51: ( | J51: ) | L51: ( | N51: )
B53: 旅費 | E53: ( | G53: ) | H53: ( | J53: ) | L53: ( | N53: )
B55: 備品購入費等 | E55: ( | G55: ) | H55: ( | J55: ) | L55: ( | N55: )
B57: 委託料等 | E57: ( | G57: ) | H57: ( | J57: ) | L57: ( | N57: )
B59: その他 | E59: ( | G59: ) | H59: ( | J59: ) | L59: ( | N59: )
A61: 合 計 （ａ+ｂ） | E61: ( | F61: =F47+F49 -> 0 | G61: ) | H61: ( | I61: =I47+I49 -> 0 | J61: ) | L61: ( | M61: =M47+M49 -> 0 | N61: )
F62: =F48+F50 -> 0 | I62: =I48+I50 -> 0 | M62: =M48+M50 -> 0
A63: (注)
B64: １．交付申請額を上段に（ ）書で記載すること。
B65: ２．建設工事費においては積算内訳が記載されている請負契約書等を添付すること。（補助対象とならない
B66: 費目については、分かりやすく明記すること。）ただし、交付申請時から変更がない場合にあっては
B67: 不要。
B68: ３．直接経費については、別紙３Ａを作成すること。
A70: Ｄ 技術の検証費
N71: (単位：千円)
A72: 区 分 | F72: 事業費 | H72: 補助対象事業費 | K72: 補助率 | L72: 補助金精算額
A73: 建設工事費 （ａ） | E73: ( | G73: ) | H73: ( | J73: ) | K73: 0.5 | L73: ( | N73: )
A75: 直接経費 （ｂ） | E75: ( | F75: =SUM(F77,F79,F81,F83,F85) -> 0 | G75: ) | H75: ( | I75: =SUM(I77,I79,I81,I83,I85) -> 0 | J75: ) | K75: 0.5 | L75: ( | M75: =SUM(M77,M79,M81,M83,M85) -> 0 | N75: )
F76: =SUM(F78,F80,F82,F84,F86) -> 0 | I76: =SUM(I78,I80,I82,I84,I86) -> 0 | M76: =SUM(M78,M80,M82,M84,M86) -> 0
B77: 賃金等 | E77: ( | G77: ) | H77: ( | J77: ) | L77: ( | N77: )
B79: 旅費 | E79: ( | G79: ) | H79: ( | J79: ) | L79: ( | N79: )
B81: 備品購入費等 | E81: ( | G81: ) | H81: ( | J81: ) | L81: ( | N81: )
B83: 委託料等 | E83: ( | G83: ) | H83: ( | J83: ) | L83: ( | N83: )
B85: その他 | E85: ( | G85: ) | H85: ( | J85: ) | L85: ( | N85: )
A87: 合 計 （ａ+ｂ） | E87: ( | F87: =F73+F75 -> 0 | G87: ) | H87: ( | I87: =I73+I75 -> 0 | J87: ) | L87: ( | M87: =M73+M75 -> 0 | N87: )
F88: =F74+F76 -> 0 | I88: =I74+I76 -> 0 | M88: =M74+M76 -> 0
A89: (注)
B90: １．交付申請額を上段に（ ）書で記載すること。
B91: ２．建設工事費においては積算内訳が記載されている請負契約書等を添付すること。（補助対象とならない
B92: 費目については、分かりやすく明記すること。）ただし、交付申請時から変更がない場合にあっては
B93: 不要。
B94: ３．直接経費については、別紙３Ｂを作成すること。
F96: プロジェクト名： | G96: =別記様式第1!D13 -> 0

Sheet 実績別紙3A・B
H1: 別紙３Ａ
A3: 積算内訳（マネジメントシステム整備費）
H5: (単位：千円)
A6: 科 目 | C6: 内 容 | D6: 金 額 | G6: 積 算 内 訳 | H6: 使 途
A7: 直接経費
B8: 賃金等 | D8: ( | F8: ) | G8: 一覧表を添付すること（注３参照）
B11: 旅費 | D11: ( | F11: ) | G11: 一覧表を添付すること（注４参照）
B14: 備品購入費等 | D14: ( | F14: )
B17: 委託料等 | D17: ( | F17: )
B20: その他 | D20: ( | F20: )
A23: 合 計 | D23: ( | E23: =SUM(E8,E11,E14,E17,E20) -> 0 | F23: )
E24: =SUM(E9,E12,E15,E18,E21) -> 0
A25: (注)
B26: １．積算内訳の欄には、当該経費に係る額の算出についての積算の内訳の概要を記載すること。
B27: ２．使途の欄には、必要に応じて、当該積算内訳についての使途の内容を記載すること。
B28: ３．賃金等については、「氏名」、「勤務日数」、「金額」、「目的」の分かる勤務時間管理簿の写し及び
B29: 雇用契約書・労働条件通知書の写し。
B30: ４．旅費については、「氏名」、「期間」、「金額」、「行先」、「目的」の分かる一覧表を添付すること。
B31: ５．備品購入費等については、50万円以上の物品を購入したことが分かる証拠書類（領収書及び送金伝票等）を
B32: 添付すること。
B33: ６．委託料等については、支出金額の分かる証拠書類（契約書等）を添付すること。
B34: ７．支払いを証明する書類（領収書及び送金伝票等）の写しを添付すること。
B35: ８．交付申請額を上段に（ ）書で記載すること。
D37: プロジェクト名： | E37: =別記様式第1!D13 -> 0
H39: 別紙３Ｂ
A41: 積算内訳（技術の検証費）
H43: (単位：千円)
A44: 科 目 | C44: 内 容 | D44: 金 額 | G44: 積 算 内 訳 | H44: 使 途
A45: 直接経費
B46: 賃金等 | D46: ( | F46: ) | G46: 一覧表を添付すること（注３参照）
B49: 旅費 | D49: ( | F49: ) | G49: 一覧表を添付すること（注４参照）
B52: 備品購入費等 | D52: ( | F52: )
B55: 委託料等 | D55: ( | F55: )
B58: その他 | D58: ( | F58: )
A61: 合 計 | D61: ( | E61: =SUM(E46,E49,E52,E55,E58) -> 0 | F61: )
E62: =SUM(E47,E50,E53,E56,E59) -> 0
A63: (注)
B64: １．積算内訳の欄には、当該経費に係る額の算出についての積算の内訳の概要を記載すること。
B65: ２．使途の欄には、必要に応じて、当該積算内訳についての使途の内容を記載すること。
B66: ３．賃金等については、「氏名」、「勤務日数」、「金額」、「目的」の分かる勤務時間管理簿の写し及び
B67: 雇用契約書・労働条件通知書の写し。
B68: ４．旅費については、「氏名」、「期間」、「金額」、「行先」、「目的」の分かる一覧表を添付すること。
B69: ５．備品購入費等については、50万円以上の物品を購入したことが分かる証拠書類（領収書及び送金伝票等）を
B70: 添付すること。
B71: ６．委託料等については、支出金額の分かる証拠書類（契約書等）を添付すること。
B72: ７．支払いを証明する書類（領収書及び送金伝票等）の写しを添付すること。
B73: ８．交付申請額を上段に（ ）書で記載すること。
D75: プロジェクト名： | E75: =別記様式第1!D13 -> 0

Sheet 実績別紙4 
H1: 別紙４
A3: 附帯事務費明細書
H6: (単位：千円)
A7: 費 目 | C7: 科 目 | D7: 金 額 | G7: 積 算 内 訳 | H7: 使 途
A8: 旅 費 | D8: ( | F8: ) | G8: 一覧表を添付すること（注４参照）
A11: 庁 費 | D11: ( | F11: )
A14: 合 計 | D14: ( | E14: =SUM(E8,E11,) -> 0 | F14: )
E15: =SUM(E9,E12,) -> 0
A16: (注)
B17: １.作成にあたっては、（別表）科目別使途内訳を参考にすること
B18: ２.積算内訳の欄には，当該経費に係る額の算出についての積算の内訳の概要を詳細に記載すること。
B19: ３.使途の欄には、必要に応じて、当該積算内訳についての使途の内容を記載すること。
B20: ４.旅費については、「氏名」、「期間」、「金額」、「行先」、「目的」の分かる一覧表を添付すること。
B21: ５.庁費については、内容に応じて以下の書類を添付すること。
B22: （賃金） ：「氏名」、「勤務日数」、「金額」、「目的」の分かる勤務時間管理簿の写し
B23: 及び雇用契約書・労働条件通知書の写し
B24: （報償費）：「氏名」、「期日」、「金額」、「目的」の分かる一覧表
B25: （委託料）：支出金額の分かる証拠書類（契約書等）
B26: （会場借上）：「期日」、「場所」、「金額」、「目的」の分かる一覧表
B27: ６.支払いを証明する書類（領収書及び送金伝票等）の写しを添付すること。
B28: ７.交付申請額を上段に（ ）書で記載すること。
D36: プロジェクト名： | G36: =別記様式第1!D13 -> 0

Sheet 実績別紙5 
I1: 別紙５
B2: 年度別事業計画内訳書
I3: （単位：千円）
B4: 事業区分 | C4: 年度計画 | D4: 全体計画 | E4: 令和6年度 （実績） | F4: 令和7年度 （実績） | G4: 令和8年度 （実績） | H4: 令和9年度 | I4: 令和10年度以降
B5: 建築設計費 | C5: 事業費 | D5: =SUM(E5:I5) -> 0
C6: 補助対象事業費 | D6: =SUM(E6:I6) -> 0
C7: 補助額（国費） | D7: =SUM(E7:I7) -> 0
B8: 建設工事費 | C8: 事業費 | D8: =SUM(E8:I8) -> 0
C9: 補助対象事業費 | D9: =SUM(E9:I9) -> 0
C10: 補助額（国費） | D10: =SUM(E10:I10) -> 0
B11: マネジメントシステム 整備費 | C11: 事業費 | D11: =SUM(E11:I11) -> 0
C12: 補助対象事業費 | D12: =SUM(E12:I12) -> 0
C13: 補助額（国費） | D13: =SUM(E13:I13) -> 0
B14: 技術の検証費 | C14: 事業費 | D14: =SUM(E14:I14) -> 0
C15: 補助対象事業費 | D15: =SUM(E15:I15) -> 0
C16: 補助額（国費） | D16: =SUM(E16:I16) -> 0
B17: 小 計 | C17: 事業費 | D17: =SUM(E17:I17) -> 0 | E17: =E5+E8+E11+E14 -> 0 | F17: =F5+F8+F11+F14 -> 0 | G17: =G5+G8+G11+G14 -> 0 | H17: =H5+H8+H11+H14 -> 0 | I17: =I5+I8+I11+I14 -> 0
C18: 補助対象事業費 | D18: =SUM(E18:I18) -> 0 | E18: =E6+E9+E12+E15 -> 0 | F18: =F6+F9+F12+F15 -> 0 | G18: =G6+G9+G12+G15 -> 0 | H18: =H6+H9+H12+H15 -> 0 | I18: =I6+I9+I12+I15 -> 0
C19: 補助額（国費） | D19: =SUM(E19:I19) -> 0 | E19: =E7+E10+E13+E16 -> 0 | F19: =F7+F10+F13+F16 -> 0 | G19: =G7+G10+G13+G16 -> 0 | H19: =H7+H10+H13+H16 -> 0 | I19: =I7+I10+I13+I16 -> 0
B20: 附帯事務費(小計×2.2%以内) | C20: 補助額（国費） | D20: =SUM(E20:I20) -> 0
B21: 合 計 | C21: 事業費 | D21: =SUM(E21:I21) -> 0 | E21: =E17 -> 0 | F21: =F17 -> 0 | G21: =G17 -> 0 | H21: =H17 -> 0 | I21: =I17 -> 0
C22: 補助対象事業費 | D22: =SUM(E22:I22) -> 0 | E22: =E18 -> 0 | F22: =F18 -> 0 | G22: =G18 -> 0 | H22: =H18 -> 0 | I22: =I18 -> 0
C23: 補助額（国費） | D23: =SUM(E23:I23) -> 0 | E23: =E19+E20 -> 0 | F23: =F19+F20 -> 0 | G23: =G19+G20 -> 0 | H23: =H19+H20 -> 0 | I23: =I19+I20 -> 0
B24: 採択額（国費）
H25: の欄に記載してください。
B26: ﾌﾟﾛｼﾞｪｸﾄの完了年月 ※1 | D26: 令和 年 月 | E26: ※1 採択されたプロジェクトが完了する年月を記載してください。
B27: 補助事業の最終年度 ※2 | D27: 令和 年度 | E27: ※2 補助対象となった事業項目が終了する年度を記載してください（補助金受領の最終年度）。
B28: 許認可の取得予定年月 ※3 | D28: 令和 年 月 | E28: ※3 その開設に際し許認可を必要とする施設に係る建設工事が補助事業に含まれる場合は、
E29: 当該許認可を取得する予定の年月を記載してください。
B30: 注）
B31: １．各年度とも事業費は３月末までの出来高に基づいて記載してください。
B32: 補助対象事業費および補助額は交付申請する予定の年度の欄に記載してください。 | G32: 提案者名：
B33: ２．各項目の補助額（国費）については補助対象事業費の1/2の金額を記載してください（千円未満は切り捨て）。
B34: ３．附帯事務費は、各年度における小計補助額（国費）の2.2%以内の金額を記載してください（千円未満は切り捨て）。 | G34: プロジェクト名： | H34: =別記様式第1!D13 -> 0
B35: ４．額が確定していない場合は、現時点での見通しで記載してください。
B36: ５．採択額（国費）の欄には、採択通知書に記載されている額を記載してください。 | G36: 提案採択時期： | H36: 令和 年度 第 回
B37: なお、全体計画の合計補助額は採択額（国費）以内でなければなりません。

Sheet 実績別紙６
H2: 残 存 物 件 調 書 | O2: 別紙６
B4: 取得 事業 年度 | C4: 事業 区分 | D4: 品目 | E4: 商標 型式 製造 番号等 | F4: 単位 | G4: 員数 | H4: 単価 | I4: 取得 価格 | J4: 取得 年月日 | K4: 経過 年数 | L4: 耐用 年数 | M4: 残存 価格率 | N4: 残存 価格 | O4: 備考
H7: 円 | I7: 円
B11: （記載上の注意）
B12: １．当該年度取得分と過年度より引継ぎ使用分に分けて記載すること。
B13: ２．備品で，かつ耐用年数の満了していないものを記載すること。 | J13: プロジェクト名： | L13: =別記様式第1!D13 -> 0
B14: ３．単独費用（補助対象外）で取得したものは記載を要しない。
B15: ４．事業区分欄には，取得に係る事業名を記載すること。

Sheet 実績別添1-1
P1: 別添１-１
A3: 建築士による提案内容への適合確認書
B5: 当該報告に係る建築物の整備内容と交付申請書に記載されている建築物の設計内容との適合状況は、
A6: 次のとおりであることを証明する。
A8: 令和 年 月 日
G10: （一級・二級・木造）建築士 登録 号
L11: 建築士の氏名
E12: 建築士事務所名 建築士事務所 知事登録 号
I13: 所在地
A16: １.建築物の基本事項
A17: プロジェクト名 | D17: =別記様式第1!D13 -> 0
A18: 建築物の名称
A19: 所在地
A20: 用途 | D20: □ | E20: 事務所 | F20: □ | G20: 学校 | H20: □ | I20: 物販店 | J20: □ | K20: 飲食店 | M20: □ | N20: 集会所 | O20: □ | P20: 工場
A21: （該当するものに「■」） | D21: □ | E21: 病院 | F21: □ | G21: ホテル | H21: □ | I21: その他（ ）
A22: 構造・工法 | D22: □ | E22: 木造 | F22: □ | G22: 鉄骨造 | H22: □ | I22: RC造 | J22: □ | K22: SRC造 | M22: □ | N22: その他（ ）
A23: 延べ面積・階数 | D23: 延べ面積： ㎡ 地上 階 地下 階
A24: (注)「プロジェクト名」欄には、提案申請書様式１に記載してある「プロジェクト名」を記載すること。
A26: ２.申請者等の概要
A27: 申請者 | D27: 氏名又は名称
D28: 住所
A29: 建築主 | D29: 氏名又は名称
D30: 住所
A31: 設計者 | D31: 資格 （ ）建築士 ( )登録 号
D32: 氏名
D33: 建築士事務所名 （ ）建築士事務所（ ）知事登録 号
D34: 所在地
B35: 【建築士は内容について責任を持つものとし、その旨を証明する本書類を提出すること。 不正があった場合は、建築士法に基づき処分を行う場合があることに留意すること。】
A36: 3.計画の変更等の内容の提案内容への適合状況
A37: （１）交付申請時からの変更の有無 | M37: □ | N37: 有 | O37: □ | P37: 無
A39: （２）上記のうち、交付申請書に記載した先導的な提案内容に関する | M39: □ | N39: 有 | O39: □ | P39: 無
A40: 事項の有無
A41: (注)少なくとも、建築基準法第６条第１項に定める「建築物の計画変更の内容」及び完了検査申請書「確認以降の軽微な変更の概要」
A42: 欄に記載した事項がある場合は、（１）については「有」とすること。
A44: 上記（２）で「有」を選択した場合、次の内容を記載すること。
A45: 関連する先導的提案 | D45: 変更の概要 | H45: 当該変更の内容の先導的提案内容への適合状況 | M45: 当該変更の内容の先導的提案内容への適合状況の判断理由
H46: □ | I46: 適 | J46: □ | K46: 不適
H48: □ | I48: 適 | J48: □ | K48: 不適
H50: □ | I50: 適 | J50: □ | K50: 不適
A52: (注)「関連する先導的提案」欄には、提案申請書に記載した内容のうち該当するものを記載すること。欄は適宜追加すること。

Sheet 実績別添1-2
P1: 別添１-２
A3: 提案内容への適合確認書
A4: （マネジメント及び技術の検証の場合）
B6: 当該報告に係る建築物の整備内容、事業実施内容と交付申請書に記載されている建築物の
A7: 設計内容、事業実施内容との適合状況は、次のとおりである。
A10: １.建築物の基本事項
A11: プロジェクト名 | D11: =別記様式第1!D13 -> 0
A12: 建築物の名称
A13: 所在地
A14: 用途 | D14: □ | E14: 事務所 | F14: □ | G14: 学校 | H14: □ | I14: 物販店 | J14: □ | K14: 飲食店 | M14: □ | N14: 集会所 | O14: □ | P14: 工場
A15: （該当するものに「■」） | D15: □ | E15: 病院 | F15: □ | G15: ホテル | H15: □ | I15: その他（ ）
A16: 構造・工法 | D16: □ | E16: 木造 | F16: □ | G16: 鉄骨造 | H16: □ | I16: RC造 | J16: □ | K16: SRC造 | M16: □ | N16: その他（ ）
A17: 延べ面積・階数 | D17: 延べ面積： ㎡ 地上 階 地下 階
A18: (注)「プロジェクト名」欄には、提案申請書様式１に記載してある「プロジェクト名」を記載すること。
A20: ２.申請者等の概要
A21: 申請者 | D21: 氏名又は名称
D22: 住所
A23: 建築主 | D23: 氏名又は名称
D24: 住所
A25: マネジメントの実施者 | D25: 氏名又は名称
D26: 住所
A27: 技術の検証の実施者 | D27: 氏名又は名称
D28: 住所
A29: (注)該当する欄のみを記載すること。
A30: 3.計画の変更等の内容の提案内容への適合状況
A31: （１）交付申請時からの変更の有無 | M31: □ | N31: 有 | O31: □ | P31: 無
A33: （２）上記のうち、交付申請書に記載した先導的な提案内容に関する | M33: □ | N33: 有 | O33: □ | P33: 無
A34: 事項の有無
A35: (注)少なくとも、建築基準法第６条第１項に定める「建築物の計画変更の内容」及び完了検査申請書「確認以降の軽微な変更の概要」
A36: 欄に記載した事項がある場合は、（１）については「有」とすること。
A38: 上記（２）で「有」を選択した場合、次の内容を記載すること。
A39: 関連する先導的提案 | D39: 変更の概要 | H39: 当該変更の内容の先導的提案内容への適合状況 | M39: 当該変更の内容の先導的提案内容への適合状況の判断理由
H40: □ | I40: 適 | J40: □ | K40: 不適
H42: □ | I42: 適 | J42: □ | K42: 不適
H44: □ | I44: 適 | J44: □ | K44: 不適
A46: (注)「関連する先導的提案」欄には、提案申請書に記載した内容のうち該当するものを記載すること。欄は適宜追加すること。

Sheet 別記様式第12 
P1: 別記様式第１２
A5: 請 求 書
C11: 請求額 | D11: 金 | M11: 円
B15: ただし、令和 年 月 日付、ＫＫＪR08発第 号で交付決定のあった令和8年度サステナブル建築物等先導事業（LCCO2評価先導型）に係る国庫補助金として、上記の金額を請求いたします。
J20: 令和 年 月 日
A25: 一般社団法人 環境共生まちづくり協会
A26: 会長 竹中 宣雄 殿
H28: 請求者 住所
H30: 氏名又は名称
H32: 代表者の職名・氏名
C34: ＜ 振込先 ＞
C35: 銀行
C36: 銀行コード
C38: 支店名
C39: 支店コード
C41: 口座名義
C42: (カタカナ名）
C44: 預金種別
C45: 口座番号

Sheet 共同事業実施規約書
P1: 【参考様式】
A3: サステナブル建築物等先導事業（LCCO2評価先導型）補助金における共同事業実施規約
A4: （プロジェクト名）
A5: 甲：建築主
A6: 乙：共同事業者
B8: （補助金交付への協力）
B9: 第１条 甲と乙は、本規約によって建築する建物（以下「本建物」という）が、国土交通省（以下
B10: 「所轄官庁」とい う）所轄のサステナブル建築物等先導事業（LCCO2評価先導型）補助金（以下
A11: 「本補助金」という）の交付要件を満たすことを前提に設計された建物であり、本補助金の交付を
A12: 受けるための所要の手続を、両者協力して共同で行うことを確認する。
B14: （交付申請）
B15: 第２条 甲と乙は、本規約締結後すみやかに、本建物に関する本補助金○○○万円の交付申請（以下
B16: 「本申請」という）を共同して行う。
B17: 2．本補助金の申請から受領に要する諸手続については、甲及び乙を代表して乙が行うものとする。
B18: なお、本補助金の受領に必要な書類（支払い実績を証明する書類を含む）は甲及び乙が協力して整理し、
B19: 補助金受領後は乙が代表して管理する。
B20: 3．甲と乙は、過去３カ年度内に国土交通省住宅局所管補助金において、交付決定の取り消しに相当する
B21: 理由で補助金の返還に該当する事案がないことを確認する。
B22: 4．甲と乙は、関係会社等からの調達の有無について確認し、関係会社等から調達を行う場合は、3者以上
B23: からの見積り結果を提出することを確認する。
B24: 5．甲と乙は、暴力団及び暴力団員でないこと、及び暴力団または暴力団員との不適切な関係がないことを
B25: 確認する。
... B65: 交換し、貸付し、担保に供し、または取壊しすることができないことを確認する。
O67: 令和 年 月 日
M69: 甲：住所、署名および捺印
M71: 乙：住所、署名および捺印

Sheet 補助対象事業費
B2: 補助対象事業費確認書（標準単価方式を用いた場合） | Q2: 作成要領 （補助対象事業費確認書）
C4: 部門名 | F4: =別記様式第1!D12 -> 0 | J4: プロジェクト名 | M4: プロジェクト名 | N4: =別記様式第1!D13 -> 0
C6: a | O6: 単位：円
C7: 総事業費 （税抜金額） | F7: 0 | M7: 事業費×3.5% | N7: =F7*0.035 -> 0
R8: □
C9: b | O9: 単位：円
C10: 建設工事費事業費 （税抜金額） | F10: 0 | M10: 事業費×5% | N10: =F10*0.05 -> 0
R11: □
C12: ｃ | R12: ■
D13: 省エネルギー性能 | F13: 標準単価 | M13: 延べ面積（㎡） | N13: 補助対象金額 | O13: 補助額
Q14: ※標準単価方式による補助額 （標準単価方式で採択された2,000㎡未満の建築物に限り適用可能） 補助対象工事は、提案申請書における「審査基準に関する事項-1（様式4-1）」から特定してください。また、補助対象工事は、建設工事費のみを対象とし、設計費、直接経費及び附帯事務費は対象外とします。以下の※に掲げる建設工事費等も対象外とします。なお、実績報告時までに第三者評価を取得し、一定の省エネルギー性能を満たしていることを証明していただきます。第三者評価によって、省エネルギー性能（ＢＥＬＳ）のランクが変更になった場合は、最終的に確定する補助金の額も変更になりますので、留意してください。 ※次の建設工事費等は、補助対象となりません。 • 冷暖房器具（壁掛け式ルームエアコン、蓄熱電気暖房機、FF式暖房機等） • 複層ガラス全般 • アルミ樹脂複合サッシ • 浴室・衛生関連設備（ユニットバス、断熱浴槽、節湯器具、温水暖房便座等） • 調理器具（ガスコンロ、IHクッキングヒーター等） • ＬＥＤ照明器具 • その他建築主が分離して購入可能な後付の家電に類するもの • 高効率変圧器や非常用発電機など、原則「建築物のエネルギー消費性能の向上に関する法律施行令」の第１条に定める建築設備以外のもの（建築設備の省エネ改修工事に付帯する工事を除く） • 太陽光発電システム（他システムとの連携等、モデル性や先導性が認められる場合に限り、補助対象となる場合があります。
C15: □ | D15: ＢＥＬＳ★★★★★ （５つ星） | F15: 38000 | M15: 0 | N15: =F15*M15 -> 0 | O15: =N15*0.5 -> 0
C17: □ | D17: ＢＥＬＳ★★★★ （４つ星） | F17: 38000 | M17: 0 | N17: =F17*M17 -> 0 | O17: =N17*0.5 -> 0
E20: a | G20: b | M20: c | N20: a,b,cの内 少ない額 | O20: =MIN(E21,G21,M21) -> 0
C21: 補助限度額 | E21: =N7 -> 0 | G21: =N10 -> 0 | M21: =O15+O17 -> 0
C23: 補助対象 事業費 | F23: 補助対象項目 | N23: 根拠資料の項目名 | O23: 金額
F24: 1
F25: 2
F26: 3
F27: 4
F28: 5
F29: ①補助対象事業費合計 | O29: =SUM(O24:O28) -> 0
F30: ①×１／２ | O30: =O29*0.5 -> 0
C33: 補助金 申請額 | O33: =MIN(O20,O30) -> 0
